 Dungeon Crawl Stone Soup version 0.26-a0-579-g3afe4966bf (webtiles) character file.

Game seed: 4387940045977746201

88 CovertPenguin the Caller (level 4, -7/30 HPs)
             Began as a Merfolk Summoner on Aug 23, 2020.
             Killed by divine providence
             ... invoked by an orc priest
              (12 damage)
             ... on level 3 of the Dungeon.
             The game lasted 00:08:55 (3735 turns).

CovertPenguin the Caller (Merfolk Summoner)         Turns: 3735, Time: 00:08:56

Health: -7/30      AC:  3    Str:  8    XL:     4   Next: 53%
Magic:  0/7        EV: 13    Int: 15    God:
Gold:   72         SH:  0    Dex: 14    Spells: 0/7 levels left

rFire    . . .     SeeInvis .   s - +1 dagger (speed)
rCold    . . .     Faith    .   (no shield)
rNeg     . . .     Spirit   .   a - +0 robe
rPois    .         Reflect  .   (no helmet)
rElec    .         Harm     .   (no cloak)
rCorr    .                      (no gloves)
MR       +....                  j - +0 pair of boots
Stlth    +++.......             (no amulet)
HPRegen  0.10/turn              l - ring of protection from magic
MPRegen  0.10/turn              p - ring of stealth

@: brilliant, stab
A: change form in water, swift swim, stealthy swim
a: no special abilities


You were on level 3 of the Dungeon.
You visited 1 branch of the dungeon, and saw 3 of its levels.

You collected 72 gold pieces.

Inventory:

Hand Weapons
 s - a +1 dagger of speed (weapon)
   (You took it off Robin on level 2 of the Dungeon)
Missiles
 c - 16 poisoned darts (quivered)
 g - 63 stones
 n - 6 boomerangs
Armour
 a - a +0 robe (worn)
 j - a +0 pair of boots (worn)
   (You found it on level 2 of the Dungeon)
 r - a +1 helmet
   (You took it off Robin on level 2 of the Dungeon)
Jewellery
 l - a ring of protection from magic (left hand)
   (You found it on level 1 of the Dungeon)
 p - a ring of stealth (right hand)
   (You took it off a hobgoblin on level 2 of the Dungeon)
Scrolls
 b - 5 scrolls of identify {unknown}
 d - a scroll of enchant weapon {unknown}
 e - a scroll of blinking {unknown}
 i - a scroll of remove curse {unknown}
 k - 2 scrolls of teleportation {unknown}
 o - a scroll of fog {unknown}
Potions
 h - a potion of stabbing


   Skills:
 - Level 2.6 Dodging
 - Level 2.1 Stealth
 - Level 2.0 Spellcasting
 + Level 5.7 Summonings
 * Level 1.0 Ice Magic


You couldn't memorise any spells.
You knew the following spells:

 Your Spells              Type           Power        Failure   Level
a - Summon Small Mammal   Summ           ####         2%          1
d - Summon Ice Beast      Ice/Summ       ###.....     50%         4
x - Call Imp              Summ           ####....     3%          2

Your spell library contained the following spells:

 Spells                   Type           Power        Failure   Level
 Call Canine Familiar     Summ           ####....     6%          3
 Summon Guardian Golem    Hex/Summ       ###.....     21%         3
 Summon Lightning Spire   Summ/Air       ###.....     56%         4


Dungeon Overview and Level Annotations

Branches:
Dungeon (3/15)

Altars:


Message History

Your quokka bites the orc priest but does no damage.
It was a potion of brilliance.
You feel clever all of a sudden.
* * * LOW HITPOINT WARNING * * *
You feel sick.
Your white imp gestures at the orc priest.
The puff of frost hits the orc priest!
The orc priest barely misses your white imp.
Your quokka bites the orc priest but does no damage.
The kobold throws a poisoned dart.
The poisoned dart hits your quokka!
Your quokka is poisoned.
Your crimson imp blinks!
It was a potion of curing.
You feel better.
Your white imp gestures at the orc priest.
The puff of frost hits the orc priest.
Your quokka bites the orc priest.
The orc priest invokes the aid of Beogh against your white imp.
Your white imp is smitten.
Your white imp dies!
The kobold throws a poisoned dart.
The poisoned dart barely misses your quokka.
The poisoned dart hits the orc!
The orc is poisoned.
The orc hits you with a +0 short sword.
* * * LOW HITPOINT WARNING * * *
Your crimson imp blinks!
Your quokka bites the orc priest but does no damage.
The orc priest begins to cast a cantrip, but forgets the words!
The kobold barely misses your quokka. The orc hits you with a +0 short sword.
* * * LOW HITPOINT WARNING * * *
The orc dies!
Your quokka bites the orc priest but does no damage.
The orc priest hits your quokka but does no damage.
The kobold misses your quokka.
You feel a surge of power!
Your quokka bites the orc priest.
The orc priest hits your quokka with a +0 dagger!
Your quokka dies!
Your quokka's corpse disappears in a puff of smoke!
Your crimson imp blinks!
The orc priest shouts!
Your crimson imp blinks!
What are your orders? t - Shout!
Orders for allies: a - Attack new target. p - Attack previous target. r - Retreat! s - Stop attacking. g - Guard the area. f - Follow me.
Anything else - Cancel.
Gang up on whom?
Aim: an orc priest, wielding a +0 dagger and wearing a +0 ring mail (almost dead) Attack!
The orc priest calls down the wrath of Beogh upon you.
Beogh smites you!
You die...

...............
...............
.......§........
............#...
.....).....<.#
#.§...§....#
#oK(.....>..
#5.)........
#@r.........
#..)...###. #......#
+......+ ##......#
#########.......#
............##........
#.........)###+####..
##...................>


You could see an orc priest, a kobold, a friendly crimson imp (summoned) and a
friendly quokka (summoned).

Vanquished Creatures
  An ooze (D:2)
  2 worms (D:2)
  A dart slug (D:2)
  An orc (D:3)
  3 bats
  5 goblins
  2 hobgoblins (D:2)
  A jackal (D:1)
  A ball python (D:2)
  2 frilled lizards (D:2)
  4 rats (D:1)
23 creatures vanquished.

Vanquished Creatures (collateral kills)
  Ijyb (D:3)
  Robin (D:2)
  An adder (D:2)
  2 dart slugs (D:1)
  A leopard gecko (D:2)
  2 orcs (D:3)
  A giant cockroach (D:1)
  10 goblins
  6 hobgoblins
  3 jackals (D:1)
  5 kobolds
  A ball python (D:1)
  2 bats (D:1)
36 creatures vanquished.

Vanquished Creatures (others)
  An orc (D:3)
1 creature vanquished.

Grand Total: 60 creatures vanquished

Notes
Turn   | Place    | Note
-------+----------+-------------------------------------------
     0 | D:1      | CovertPenguin the Merfolk Summoner began the quest for the
                  | Orb.
     0 | D:1      | Reached XP level 1. HP: 13/13 MP: 3/3
   535 | D:1      | Reached XP level 2. HP: 9/19 MP: 5/5
   699 | D:1      | Learned a level 2 spell: Call Imp
  1550 | D:1      | Reached XP level 3. HP: 24/24 MP: 3/6
  1591 | D:1      | Reached skill level 5 in Summonings
  3249 | D:2      | Noticed Robin
  3252 | D:2      | Reached XP level 4. HP: 13/30 MP: 0/7
  3254 | D:2      | Killed Robin
  3505 | D:2      | Learned a level 4 spell: Summon Ice Beast
  3555 | D:3      | Noticed Ijyb
  3563 | D:3      | Killed Ijyb
  3595 | D:3      | Reached skill level 1 in Ice Magic
  3735 | D:3      | Killed from afar by an orc priest

Illustrated notes

Levels and vault maps discovered:
D:1:      minmay_arrival_arboretum_small, layout_basic, minmay_indecisive_spiral
D:2:      layout_basic, uniq_robin
D:3:      layout_basic, lemuel_doored_altar, chequers_ecumenical_altar_simple,
          uniq_ijyb

Skill      XL: |  1  2  3  4 |
---------------+-------------+-----
Summonings     | 5 |  5.7
Ice Magic      | 1 |  1.0
Dodging        | |  2.6
Stealth        | |  2.1
Spellcasting   | |  2.0

Action                   |  1- 3 |  4- 6 || total
-------------------------+-------+-------++-------
Melee: Unarmed           |    47 |       ||    47
       Dagger            |   121 |    14 ||   135
Throw: Dart              |     1 |       ||     1
 Cast: Summon Small Mamm |     9 |     3 ||    12
       Call Imp          |    20 |     6 ||    26
  Use: Potion            |       |     3 ||     3
 Stab: Sleeping          |     4 |     1 ||     5
Armor: Robe              |    32 |     2 ||    34
Dodge: Dodged            |   115 |     6 ||   121

Table legend: (Time is in decaauts)
 A = Elapsed time spent in this place.
 B = Non-inter-level travel time spent in this place.
 C = Inter-level travel time spent in this place.
 D = Time resting spent in this place.
 E = Time spent auto-exploring this place.
 F = Levels seen in this place.
 G = Mean time per level.
                   A        B        C        D        E       F      G
               +--------+--------+--------+--------+--------+-----+--------+
         Total |   3728 |   3653 |     75 |   1705 |   1384 |   3 | 1242.7 |
       Dungeon |   3728 |   3653 |     75 |   1705 |   1384 |   3 | 1242.7 |
               +--------+--------+--------+--------+--------+-----+--------+

Top non-repeatable levels by time:
     D:1: 2132 daAuts
     D:2: 1385 daAuts
     D:3: 211 daAuts
